 Dungeon Sprint DCSS version 0.19-a0-1493-gd0fcaa6 (webtiles) character file.

259 poirepourri the Fighter (level 6, -5/49 HPs)
             Began as a Gargoyle Fighter on Sept 9, 2016.
             Was a Priest of Cheibriados.
             Slain by an eight-headed hydra (6 damage)
             ... in the Dungeon (Sprint VII: "The Pits").
             The game lasted 00:01:53 (199 turns).

poirepourri the Fighter (Gargoyle Fighter)           Turns: 199, Time: 00:01:54

Health: -5/49      AC: 11    Str: 32    XL:     6   Next: 17%
Magic:  6/6        EV:  9    Int: 16    God:    Cheibriados [***...]
Gold:   0          SH: 11    Dex: 17    Spells: 0 memorised, 5 levels left

rFire  . . .     SeeInvis .     l - +2 mace (drain)
rCold  . . .     Gourm    .     b - +0 scale mail
rNeg   + . .     Faith    .     c - +0 shield
rPois  ∞         Spirit   .     (no helmet)
rElec  +         Dismiss  .     (no cloak)
rCorr  .         Reflect  .     (no gloves)
MR     .....     Harm     .     (no boots)
Stlth  .......... NoTele   +    (no amulet)
                                (no ring)
                                (no ring)

@: mighty, very slightly contaminated, invisible, very slow
A: negative energy resistance 1, electricity resistance, unbreathing,
petrification resistance, rot immunity, AC +4
a: Bend Time, Temporal Distortion, Renounce Religion


You were in the Dungeon.
You worshipped Cheibriados.
Cheibriados was most pleased with you.
You were not hungry.

You visited 1 branch

Inventory:

Hand Weapons
 a - a +0 flail
 l - a +2 mace of draining (weapon)
Armour
 b - a +0 scale mail (worn)
 c - a +0 shield (worn)
Scrolls
 k - a scroll of blinking
 n - 3 scrolls of remove curse
 o - 5 scrolls of amnesia
 p - a scroll of summoning
Potions
 e - a potion of curing
 h - a potion of haste
 i - 4 potions of magic
 j - 3 potions of berserk rage
 m - a potion of invisibility
Comestibles
 f - 8 bread rations
 q - 40 fruits
 r - 7 meat rations


   Skills:
 + Level 11.6 Fighting
 + Level 6.2 Maces & Flails
 - Level 3.2 Armour
 + Level 2.2 Dodging
 - Level 3.2 Shields


You had 5 spell levels left.
You didn't know any spells.

Dungeon Overview and Level Annotations

Branches:
Dungeon (1/1)

Altars:
Ashenzari
Cheibriados
Dithmenos
Elyvilon
Fedhas
Gozag
Hepliaklqana
Kikubaaqudgha
Makhleb
Nemelex Xobeh
Okawaru
Qazlal
Ru
Sif Muna
Trog
Uskayaw
Vehumet
Xom
Yredelemnul
Zin
The Shining One
Beogh
Jiyva
Lugonu


Innate Abilities, Weirdness & Mutations

You are resistant to torment.
Your stone body is resilient. (AC +4)
You are immune to poison.
You resist negative energy. (rN+)
You are resistant to electric shocks. (rElec)
You can survive without breathing.
You are immune to petrification.
You are immune to rotting.


Message History

The eight-headed hydra bites you but does no damage.
The eight-headed hydra bites you.
* * * LOW HITPOINT WARNING * * *
The eight-headed hydra closely misses you.
There is an open door here.
You sock the eight-headed hydra! You drain the eight-headed hydra!
The eight-headed hydra is moderately wounded.
The eight-headed hydra closely misses you.
The eight-headed hydra barely misses you.
You block the eight-headed hydra's attack.
The eight-headed hydra bites you!
* * * LOW HITPOINT WARNING * * *
The eight-headed hydra bites you.
* * * LOW HITPOINT WARNING * * *
You block the eight-headed hydra's attack. x2
The eight-headed hydra barely misses you.
You thump the eight-headed hydra! You drain the eight-headed hydra!
The eight-headed hydra is heavily wounded.
The eight-headed hydra bites you.
You die...

#.#
#.......#
#.#
#.......#
#(#######
#.......#
#.†.....#
#########
#...#...#
#...#...#
#.##.##.#+#
#...#...#.+
#...#...#@#
#.......D.#
###########


You could see an eight-headed hydra.

Vanquished Creatures
  A sky beast (D)
  A big kobold (D)
  A giant frog (D)
  Jessica (D)
  An adder (D)
  A river rat (D)
  An ooze (D)
  A giant cockroach (D)
8 creatures vanquished.

Notes
Turn   | Place    | Note
-------+----------+-------------------------------------------
     0 | D        | poirepourri the Gargoyle Fighter began the quest for the Orb.
     0 | D        | Reached XP level 1. HP: 14/14 MP: 1/1
    16 | D        | Reached skill level 4 in Fighting
    51 | D        | Found a radiant altar of Vehumet.
    51 | D        | Found a hide-covered altar of Uskayaw.
    51 | D        | Found an ancient bone altar of Kikubaaqudgha.
    51 | D        | Found a viscous altar of Jiyva.
    51 | D        | Found a hazy altar of Hepliaklqana.
    52 | D        | Found a bloodstained altar of Trog.
    52 | D        | Found a deep blue altar of Sif Muna.
    52 | D        | Found a sacrificial altar of Ru.
    52 | D        | Found a stormy altar of Qazlal.
    52 | D        | Found an iron altar of Okawaru.
    52 | D        | Found a sparkling altar of Nemelex Xobeh.
    52 | D        | Found an opulent altar of Gozag.
    52 | D        | Found a blossoming altar of Fedhas.
    52 | D        | Found a white marble altar of Elyvilon.
    52 | D        | Found a shadowy altar of Dithmenos.
    52 | D        | Found a snail-covered altar of Cheibriados.
    53 | D        | Found a glowing golden altar of the Shining One.
    53 | D        | Found a glowing silver altar of Zin.
    55 | D        | Found a roughly hewn altar of Beogh.
    55 | D        | Found a burning altar of Makhleb.
    55 | D        | Found a basalt altar of Yredelemnul.
    56 | D        | Found a shattered altar of Ashenzari.
    56 | D        | Found a corrupted altar of Lugonu.
    56 | D        | Found a shimmering altar of Xom.
    76 | D        | Became a worshipper of Cheibriados the Contemplative
   110 | D        | Noticed Jessica
   111 | D        | Noticed a sky beast
   111 | D        | Noticed a big kobold
   112 | D        | Noticed a giant frog
   126 | D        | Killed a sky beast
   126 | D        | Reached * piety under Cheibriados
   126 | D        | Reached skill level 8 in Fighting
   126 | D        | Reached skill level 1 in Dodging
   126 | D        | Reached XP level 2. HP: 26/26 MP: 2/2
   126 | D        | Reached XP level 3. HP: 30/30 MP: 3/3
   126 | D        | Reached XP level 4. HP: 36/36 MP: 4/4
   132 | D        | Killed a big kobold
   132 | D        | Reached skill level 10 in Fighting
   132 | D        | Reached skill level 5 in Maces & Flails
   132 | D        | Reached XP level 5. HP: 41/42 MP: 5/5
   133 | D        | Killed Jessica
   133 | D        | Reached ** piety under Cheibriados
   139 | D        | Reached skill level 11 in Fighting
   139 | D        | Reached XP level 6. HP: 43/49 MP: 6/6
   189 | D        | Reached *** piety under Cheibriados
   192 | D        | Noticed an eight-headed hydra
   198 | D        | HP: 2/49 [eight-headed hydra (11)]
   199 | D        | Slain by an eight-headed hydra

Vault maps used:
D:        pitsprint

Skill      XL: |  1  2  3  4  5 |
---------------+----------------+-----
Fighting       | 8 10 11 | 11.6
Maces & Flails | 4 5 6 |  6.2
Dodging        | 1 2 |  2.2
Armour         | |  3.2
Shields        | |  3.2

Action                   |  1- 3 |  4- 6 || total
-------------------------+-------+-------++-------
Melee: Mace              |    11 |    21 ||    32
       Flail             |     2 |       ||     2
  Use: Potion            |       |     3 ||     3
Armor: Scale mail        |    11 |    13 ||    24
Dodge: Dodged            |     5 |    24 ||    29
Block: Shield            |     6 |    22 ||    28
